 Dungeon Crawl Stone Soup version 0.30.1 (webtiles) character file.

Game seed: 8641304176986738188

1888 Graphine the Skirmisher (level 8, 0/43 HPs)
             Began as a Deep Elf Hunter on July 10, 2023.
             Was a Believer of Hepliaklqana.
             Succumbed to a killer bee's poison
             ... on level 7 of the Dungeon.
             The game lasted 00:12:50 (4952 turns).

Graphine the Skirmisher (Deep Elf Hunter)           Turns: 4952, Time: 00:12:50

Health: 0/43       AC:  6    Str:  8    XL:     8   Next: 92%
Magic:  6/18       EV: 15    Int: 21    God:    Hepliaklqana [**....]
Gold:   435        SH:  0    Dex: 20    Spells: 16/18 levels left

rFire   . . .        a - +1 shortbow
rCold   . . .        (shield currently unavailable)
rNeg    . . .        c - +0 leather armour
rPois   +            (no helmet)
rElec   .            (no cloak)
rCorr   .            i - +1 pair of gloves
SInv    .            z - +0 pair of boots
Will    .....        h - amulet of guardian spirit
Stlth   ++           A - +6 ring of intelligence
HPRegen 0.27/turn    D - ring of poison resistance
MPRegen 0.16/turn

%: guardian spirit
@: lethally poisoned (0 -> -5)
A: reduced essence
a: Renounce Religion, Recall Ancestor, Ancestor Identity


You were on level 7 of the Dungeon.
You worshipped Hepliaklqana.
Hepliaklqana was pleased with you.
You visited 2 branches of the dungeon, and saw 8 of its levels.
You also visited: Sewer.

You collected 435 gold pieces.

Inventory:

Hand Weapons
 a - a +1 shortbow (weapon)
 n - a +1 dagger of speed
Missiles
 x - a throwing net
Armour
 c - a +0 leather armour (worn)
 i - a +1 pair of gloves (worn)
 o - a +0 ring mail of fire resistance
 z - a +0 pair of boots (worn)
Jewellery
 d - a ring of see invisible
 f - a ring of protection from cold
 h - an amulet of guardian spirit (around neck)
 t - a +6 ring of strength
 A - a +6 ring of intelligence (left hand)
 D - a ring of poison resistance (right hand)
 F - a ring of protection from fire
Wands
 m - a wand of digging (13)
 w - a wand of polymorph (15)
 y - a wand of iceblast (5)
Scrolls
 b - a scroll of immolation
 e - 3 scrolls of teleportation
 g - 3 scrolls of identify
 k - 2 scrolls of fog
 p - a scroll of amnesia
 r - 2 scrolls of blinking
 s - 2 scrolls of enchant armour
 E - a scroll of fear
Potions
 j - 3 potions of flight
 l - 2 potions of berserk rage
 v - a potion of attraction
 B - a potion of mutation


   Skills:
 + Level 4.4 Fighting
 * Level 10.3 Ranged Weapons
 + Level 1.4 Armour
 + Level 6.5 Dodging
 - Level 1.2 Stealth
 + Level 5.8 Spellcasting
 + Level 2.2 Conjurations
 + Level 1.9 Air Magic


You had 16 spell levels left.
You knew the following spells:

 Your Spells              Type           Power      Damage    Failure   Level
a - Static Discharge      Conj/Air       30%        2-4/arc   9%          2

Your spell library contained the following spells:

 Spells                   Type           Power      Damage    Failure   Level
 Poisonous Vapours        Pois/Air       20%        N/A       14%         2
 Blink                    Tloc           12%        N/A       22%         2
 Lesser Beckoning         Tloc           12%        N/A       22%         2
 Scorch                   Fire           12%        2d6       22%         2
 Gell's Gravitas          Tloc           6%         N/A       38%         3
 Teleport Other           Tloc           6%         N/A       38%         3
 Flame Wave               Conj/Fire      10%        2d6       65%         4
 Manifold Assault         Tloc           6%         N/A       80%         4
 Olgreb's Toxic Radiance  Pois           6%         N/A       80%         4
 Iskenderun's Battlesphe  Conj           15%        2d7       83%         5
 Fireball                 Conj/Fire      5%         3d5       94%         5
 Conjure Ball Lightning   Conj/Air       7%         3x3d6     100%        6
 Summon Cactus Giant      Summ           3%         N/A       100%        6
 Orb of Destruction       Conj           7%         9d6       100%        7
 Storm Form               Tmut/Air       5%         N/A       100%        7
 Discord                  Hex            3%         N/A       100%        8
 Ignition                 Fire           3%         3d4       100%        8
 Chain Lightning          Conj/Air       7%         3d10      100%        9


Dungeon Overview and Level Annotations

Branches:
Dungeon (7/15)             Temple (1/1) D:6           Sewer (visited)

Altars:
Ashenzari
Cheibriados
Elyvilon
Fedhas
Gozag
Hepliaklqana
Kikubaaqudgha
Makhleb
Nemelex Xobeh
Okawaru
Qazlal
Ru
Sif Muna
Uskayaw
Vehumet
Wu Jian
Xom
Zin
The Shining One


Message History

The killer bee poisons you!
Nakurtum blocks the killer bee's attack.
The killer bee stings Nakurtum but does no damage.
The killer bee completely misses you. The killer bee stings you.
Nakurtum blocks the killer bee's attack.
The killer bee misses you.
Nakurtum blocks the killer bee's attack.
Nakurtum completely misses the killer bee.
You shoot an arrow. The arrow hits the killer bee.
You kill the killer bee!
You feel very sick. The killer bee stings you.
You are more poisoned.
The killer bee poisons you!
Nakurtum blocks the killer bee's attack.
The killer bee misses you. The killer bee stings you!
* * * LOW HITPOINT WARNING * * *
The killer bee barely misses Nakurtum.
Okay, then.
Blink to where?
Press: ? - help, Dir - move target
As you read the scroll of blinking, it crumbles to dust.
* * * LOW HITPOINT WARNING * * *
You feel very sick.
* * * LOW HITPOINT WARNING * * *
You feel very sick.
It was a potion of might.
You feel very mighty all of a sudden.
* * * LOW HITPOINT WARNING * * *
You feel sick.
Your magical effects are unravelling.
You feel magically purged.
You feel a little less mighty now.
* * * LOW HITPOINT WARNING * * *
You feel sick. The killer bee stings you.
Okay, then.
Really read the scroll of immolation?
As you read the scroll of immolation, it crumbles to dust.
The creatures around you are filled with an inner flame!
You die...

#... #..#####RS#
##...## #...#.†y#
#.....# #....# ..
#....## ##.S.# ##..
#....###....###....
#........##......#
#....y.#####...###
#>..y.## ##..## #
#..@y## ###..## ##
#.##..###.....# #.
#. ##.........# #.
# ##...####.## #.
#..## #..####§ #..#
#..##...
#..#####....... #
##.............. #.
##..........#....


You could see a water moccasin (inner flame) and 3 killer bees.

Vanquished Creatures
  Grinder (D:3)
  Sigmund (D:4)
  3 bullfrogs
  A gnoll sergeant (D:6)
  2 scorpions (D:4)
  2 killer bees (D:7)
  An orc priest (D:5)
  A hound (D:5)
  3 iguanas
  2 sleepcaps
  Natasha (twice) (D:3)
  Ijyb (D:3)
  6 gnolls
  12 adders
  A shadow imp (D:6)
  A white imp (D:6)
  An ufetubus (D:6)
  A worm (D:6)
  2 dart slugs
  17 orcs
  4 ball pythons
  6 bats
  5 endoplasms
  10 giant cockroaches
  7 goblins
  8 hobgoblins
  3 jackals (D:2)
  13 quokkas
  19 frilled lizards
  9 kobolds
  5 rats
150 creatures vanquished.

Vanquished Creatures (collateral kills)
  Edmund (D:4)
  An ice beast (D:6)
  2 scorpions
  A jelly (D:4)
  A sleepcap (D:5)
  Natasha (D:3)
  2 orc wizards
  3 gnolls
  A white imp (D:6)
  2 orcs (D:4)
  2 ball pythons (D:4)
  A giant cockroach (D:4)
18 creatures vanquished.

Vanquished Creatures (others)
  A human (D:4)
1 creature vanquished.

Grand Total: 169 creatures vanquished

Notes
Turn   | Place    | Note
-------+----------+-------------------------------------------
     0 | D:1      | Graphine the Deep Elf Hunter began the quest for the Orb.
     0 | D:1      | Reached XP level 1. HP: 12/12 MP: 3/3
    70 | D:1      | Reached XP level 2. HP: 17/17 MP: 4/4
   332 | D:1      | Reached skill level 6 in Ranged Weapons
   334 | D:1      | Reached XP level 3. HP: 21/21 MP: 5/5
  1002 | D:2      | Reached XP level 4. HP: 26/26 MP: 6/6
  1356 | D:3      | Noticed Ijyb
  1362 | D:3      | Killed Ijyb
  1363 | D:3      | Reached skill level 1 in Spellcasting
  1411 | D:3      | You fall into a shaft and drop 3 floors!
  1423 | D:6      | Reached skill level 7 in Ranged Weapons
  1423 | D:6      | Reached XP level 5. HP: 26/31 MP: 6/9
  1608 | D:6      | Found a staircase to the Ecumenical Temple.
  1637 | Temple   | Entered the Ecumenical Temple
  1645 | Temple   | Became a worshipper of Hepliaklqana the Forgotten
  1840 | D:6      | Found a glowing drain.
  1847 | Sewer    | Entered a sewer
  2009 | Sewer    | Reached XP level 6. HP: 36/36 MP: 11/11
  2074 | Sewer    | Reached skill level 8 in Ranged Weapons
  2437 | D:5      | Entered Level 5 of the Dungeon
  2472 | D:4      | Noticed Edmund
  2611 | D:5      | Reached * piety under Hepliaklqana
  2621 | D:5      | Reached XP level 7. HP: 34/36 MP: 11/14
  3008 | D:5      | Got Cyuzy's Notes on Poisoning and Battling
  3332 | D:4      | Noticed Sigmund
  3343 | D:4      | Killed Sigmund
  3344 | D:4      | Reached skill level 9 in Ranged Weapons
  3344 | D:4      | Reached skill level 5 in Dodging
  3414 | D:4      | Found a broken altar of Ashenzari.
  3421 | D:4      | Found a shimmering altar of Xom.
  3469 | D:4      | Reached XP level 8. HP: 43/43 MP: 16/16
  3580 | D:4      | Reached ** piety under Hepliaklqana
  3581 | D:4      | Remembered your ancestor Nakurtum as a knight
  3644 | D:4      | Killed Edmund
  3645 | D:4      | Reached skill level 10 in Ranged Weapons
  3645 | D:4      | Reached skill level 5 in Spellcasting
  3682 | D:4      | Found an ancient bone altar of Kikubaaqudgha.
  3871 | D:3      | Noticed Grinder
  3879 | D:3      | Killed Grinder
  3880 | D:3      | Reached skill level 1 in Armour
  3880 | D:3      | Reached skill level 1 in Conjurations
  3880 | D:3      | Reached skill level 1 in Air Magic
  3883 | D:3      | Learned a level 2 spell: Static Discharge
  3889 | D:3      | Noticed Natasha
  3894 | D:3      | Killed Natasha
  4052 | D:3      | Noticed Natasha
  4057 | D:3      | Killed Natasha
  4095 | D:3      | Found a hide-covered altar of Uskayaw.
  4119 | D:3      | Identified the +2 ring mail "Puffoeps" {-Tele Will+ Str+5}
  4153 | D:3      | Noticed Natasha
  4168 | D:3      | Killed Natasha
  4888 | D:7      | Found a shimmering blue altar of Sif Muna.
  4951 | D:7      | HP: 1/43 [poisoned by a killer bee]
  4952 | D:7      | Succumbed to a killer bee's poison

Illustrated notes

Levels and vault maps discovered:
D:1:      dpeg_arrival_water_temple_mockup, layout_loops_ring,
          nicolae_grassy_gnolls
D:2:      layout_basic
D:3:      layout_rooms, old_standard_altar, uniq_natasha, uniq_ijyb,
          uniq_grinder
D:4:      layout_rooms, tgw_kikubaaqudgha,
          chequers_temple_overflow_statue_of_worship, uniq_sigmund, uniq_edmund
D:5:      layout_cave_pods, kennysheep_generic_room_12
D:6:      layout_rooms, minmay_temple_entry_drinking_statues,
          gup_sewer_entry_bubbles
D:7:      layout_layer_cave, nicolae_sif_muna_condensation, enter_bailey_3
Temple:   eino_narrow_crystal_temple

Skill      XL: |  1  2  3  4  5  6  7  8 |
---------------+-------------------------+-----
Ranged Weapons | 6 7 8 9 10 | 10.3
Dodging        | 3 4 5 6 |  6.5
Fighting       | 2 3 4 |  4.4
Spellcasting   | 1 2 3 4 5 |  5.8
Armour         | 1 |  1.4
Conjurations   | 2 |  2.2
Air Magic      | 1 |  1.9
Stealth        | |  1.2

Action                     |  1- 3 |  4- 6 |  7- 9 || total
---------------------------+-------+-------+-------++-------
   Fire: Shortbow          |   116 |   180 |   211 ||   507
 Invoke: Ancestor Life: Kn |       |       |     1 ||     1
    Use: Scroll            |     5 |     1 |    11 ||    17
         Potion            |       |       |     3 ||     3
 Armour: Leather armour    |    17 |    29 |     6 ||    52
  Dodge: Dodged            |    42 |    73 |    23 ||   138
